 Dungeon Crawl Stone Soup version 0.25-a0-1071-g2607d5cfa1 (webtiles) character file.

Game seed: 16323106883278637086, levelgen mode: deterministic

135 DerDa the Chiller (level 5, -5/35 HPs)
             Began as a Merfolk Ice Elementalist on May 14, 2020.
             Slain by Grinder (6 damage)
             ... while paralysed by Grinder
             ... on level 3 of the Dungeon.
             The game lasted 00:05:24 (2276 turns).

DerDa the Chiller (Merfolk Ice Elementalist)        Turns: 2276, Time: 00:05:24

Health: -5/35      AC:  4    Str:  8    XL:     5   Next: 18%
Magic:  3/10       EV:  2    Int: 15    God:
Gold:   81         SH:  0    Dex: 15    Spells: 4/11 levels left

rFire    . . .     SeeInvis .   r - +0 long sword
rCold    . . .     Gourm    .   (no shield)
rNeg     . . .     Faith    .   a - +0 robe
rPois    .         Spirit   .   (no helmet)
rElec    .         Reflect  .   (no cloak)
rCorr    .         Harm     .   l - +1 pair of gloves
MR       .....                  (no boots)
Stlth    ++........             (no amulet)
HPRegen  0.11/turn              (no ring)
MPRegen  0.12/turn              (no ring)

@: paralysed
A: change form in water, swift swim, stealthy swim
a: no special abilities


You were on level 3 of the Dungeon.
You were not hungry.

You visited 1 branch of the dungeon, and saw 3 of its levels.

You collected 81 gold pieces.

Inventory:

Hand Weapons
 d - a +0 short sword
 r - a +0 long sword (weapon)
Missiles
 i - 23 stones
 k - 7 atropa-tipped darts (quivered)
Armour
 a - a +0 robe (worn)
 l - a +1 pair of gloves (worn)
Scrolls
 b - a scroll of enchant weapon {unknown}
 f - a scroll of fear {unknown}
 g - 2 scrolls of identify {unknown}
 h - 2 scrolls of remove curse {unknown}
 n - 2 scrolls of enchant armour {unknown}
 o - a scroll of blinking {unknown}
Potions
 e - a potion of degeneration {unknown}
 j - a potion of cancellation {unknown}
 p - a potion of stabbing {unknown}
 q - a potion of heal wounds {unknown}
 s - a potion of flight {unknown}
Comestibles
 c - 3 rations


   Skills:
 - Level 2.6 Dodging
 - Level 2.1 Stealth
 * Level 3.6 Spellcasting
 * Level 5.8 Ice Magic


You had 4 spell levels left.
You knew the following spells:

 Your Spells              Type           Power        Failure   Level  Hunger
a - Freeze                Ice            ###.         1%          1    None
b - Frozen Ramparts       Ice            ###...       5%          3    ###....
c - Ozocubu's Armour      Chrm/Ice       ##......     17%         3    ###....

Your spell library contained the following spells:

 Spells                   Type           Power        Failure   Level  Hunger
 Hailstorm                Conj/Ice       ##......     50%         4    ####...
 Summon Ice Beast         Ice/Summ       ##......     50%         4    ####...


Dungeon Overview and Level Annotations

Branches:
Dungeon (3/15)

Altars:

Annotations:
D:3 Grinder


Message History

Press: ? - help, Shift-Dir - straight line, f - Grinder
Aim: Grinder (lightly wounded) Grinder completely resists.
You freeze Grinder but do no damage.
Grinder completely resists.
The wall freezes Grinder but do no damage.
Grinder gestures at you.
You suddenly lose the ability to move!
Grinder resists.
The wall freezes Grinder.
Grinder gestures at you. Pain shoots through your body!
* * * LOW HITPOINT WARNING * * *
Grinder completely resists.
The wall freezes Grinder but do no damage.
Grinder grins, showing sharp teeth.
Grinder gestures at you.
You shrug off the repeated paralysis!
The frozen ramparts melt away.
Grinder hits you!
* * * LOW HITPOINT WARNING * * *
You writhe in agony.
You die...

... ... ...#
###...## #.. ...#
#.#....##
#####.#.....#
#.5@.).....>.
###.###.###......(.
.......<# ##.####..
#.#####.# ... ...
.#.# ##.## ....#
... %. ... ### ...
.g# ... ...


You could see Grinder.

Vanquished Creatures
  Jessica (D:2)
  3 gnolls (D:2)
  4 adders (D:2)
  An ooze (D:1)
  A worm (D:2)
  A dart slug (D:1)
  7 bats
  5 goblins
  4 hobgoblins
  3 ball pythons (D:1)
  3 frilled lizards
  4 kobolds
  4 rats
41 creatures vanquished.

Notes
Turn   | Place    | Note
-------+----------+-------------------------------------------
     0 | D:1      | DerDa the Merfolk Ice Elementalist began the quest for the
                  | Orb.
     0 | D:1      | Reached XP level 1. HP: 13/13 MP: 3/3
   371 | D:1      | Reached XP level 2. HP: 19/19 MP: 1/5
   937 | D:1      | Reached XP level 3. HP: 24/24 MP: 4/6
  1048 | D:1      | Learned a level 3 spell: Frozen Ramparts
  1052 | D:1      | Learned a level 3 spell: Ozocubu's Armour
  1145 | D:2      | Reached skill level 5 in Ice Magic
  1665 | D:2      | Noticed Jessica
  1671 | D:2      | Killed Jessica
  1671 | D:2      | Reached XP level 4. HP: 30/30 MP: 4/8
  2039 | D:2      | Reached XP level 5. HP: 29/35 MP: 6/10
  2242 | D:3      | Noticed Grinder
  2246 | D:3      | Paralysed by Grinder for 5 turns
  2254 | D:3      | Paralysed by Grinder for 2 turns
  2273 | D:3      | Paralysed by Grinder for 5 turns
  2276 | D:3      | HP: 1/35 [Grinder (10)]
  2276 | D:3      | Slain by Grinder

Illustrated notes

Levels and vault maps discovered:
D:1:      roderic_crossed_star, layout_basic, minmay_ruptured
D:2:      layout_loops_ring, kennysheep_generic_room_13, uniq_jessica
D:3:      layout_loops_cross, first_ration, uniq_grinder

Skill      XL: |  1  2  3 |
---------------+----------+-----
Ice Magic      | 5 |  5.8
Spellcasting   | 3 |  3.6
Dodging        | |  2.6
Stealth        | |  2.1

Action                   |  1- 3 |  4- 6 || total
-------------------------+-------+-------++-------
Melee: Unarmed           |     1 |       ||     1
       Short sword       |     4 |       ||     4
 Cast: Freeze            |    58 |    16 ||    74
       Frozen Ramparts   |       |     4 ||     4
  Eat: Chunk             |     3 |     2 ||     5
Armor: Robe              |    14 |       ||    14
Dodge: Dodged            |    35 |     9 ||    44
       Rpst.: Long sword |       |     1 ||     1

Table legend:
 A = Non-vault XP
 B = Vault XP
 C = Vault XP percentage of total XP
 D = Non-vault monster count
 E = Vault monster count
 F = Vault count percentage of total count
                 A         B        C        D         E       F
            +---------+---------+-------+---------+---------+-------
      Total |     135 |      58 |  30.1 |      34 |       7 |  17.1
            +---------+---------+-------+---------+---------+-------
        D:1 |      27 |       8 |  22.9 |      12 |       5 |  29.4
        D:2 |     106 |      50 |  32.1 |      21 |       2 |   8.7
        D:3 |       2 |       0 |   0.0 |       1 |       0 |   0.0
            +---------+---------+-------+---------+---------+-------
